 Dungeon Crawl Stone Soup version 0.29-a0-541-gaf1fc19f1b (webtiles) character file.

Game seed: 15518434028138479060

16 spaghetti the Grave Robber (level 2, -5/24 HPs)
             Began as an Ogre Necromancer on June 2, 2022.
             Slain by Natasha (6 damage)
             ... on level 2 of the Dungeon.
             The game lasted 00:01:22 (1092 turns).

spaghetti the Grave Robber (Ogre Necromancer)       Turns: 1092, Time: 00:01:22

Health: -5/24      AC:  3    Str: 11    XL:     2   Next: 54%
Magic:  2/6        EV: 10    Int: 16    God:
Gold:   64         SH:  0    Dex: 15    Spells: 6/7 levels left

rFire   . . .      SeeInvis .   s - +0 dagger (venom) {short}
rCold   . . .      Faith    .   (no shield)
rNeg    . . .      Spirit   .   a - +0 robe
rPois   .          Reflect  .   (helmet restricted)
rElec   .          Harm     .   (no cloak)
rCorr   .          Rampage  .   (gloves unavailable)
Will    .....                   (boots unavailable)
Stlth   ++........              (no amulet)
HPRegen 0.08/turn               o - +6 ring of dexterity
MPRegen 0.10/turn               (no ring)

@: slowed, very slow
A: large, unfitting armour, tough skin 1
a: no special abilities


You were on level 2 of the Dungeon.
You visited 1 branch of the dungeon, and saw 2 of its levels.

You collected 64 gold pieces.


Innate Abilities, Weirdness & Mutations

You are too large for most types of armour.
You have tough skin. (AC +1)


   Skills:
 - Level 1.7 Dodging
 - Level 1.4 Stealth
 + Level 3.0 Spellcasting
 + Level 3.9 Necromancy


You had 6 spell levels left.
You knew the following spells:

 Your Spells              Type           Power      Damage    Failure   Level
a - Necrotize             Necr           60%        1d7       3%          1

Your spell library contained the following spells:

 Spells                   Type           Power      Damage    Failure   Level
 Vampiric Draining        Necr           15%        2d7       11%         3
 Animate Dead             Necr           15%        N/A       36%         4
 Agony                    Necr           15%        N/A       71%         5

Inventory:

Hand Weapons
 c - a +0 club {mace}
   (You took it off a goblin on level 1 of the Dungeon)
 f - a +0 short sword {short}
   (You took it off a kobold on level 1 of the Dungeon)
 s - a +0 dagger of venom (weapon) {short}
   (You found it on level 2 of the Dungeon)
Missiles
 d - 130 stones {throwing}
Armour
 a - a +0 robe (worn)
Jewellery
 o - a +6 ring of dexterity (left hand)
   (You found it on level 1 of the Dungeon)
Scrolls
 e - 4 scrolls of identify {unknown}
 g - a scroll of brand weapon {unknown}
 i - 2 scrolls of vulnerability {unknown}
 j - a scroll of teleportation {unknown}
 m - a scroll of silence {unknown}
 r - a scroll of poison {unknown}
 t - a scroll of fear {unknown}
Potions
 b - a potion of magic
 h - a potion of berserk rage {unknown}
 k - a potion of attraction {unknown}
 l - a potion of brilliance {unknown}
 n - a potion of heal wounds {unknown}
 p - a potion of haste {unknown}
 q - a potion of curing {@q1}

Dungeon Overview and Level Annotations

Branches:
Dungeon (2/15)

Altars:

Annotations:
D:2 Natasha

#......................#
#..##.#############....#
#..##.#### #.......#
.........#######.##....#
...###.......^...##....#
...# #...........##....#
...# #...........#######
...###..........5#
...'........####@#
...###...##.# #h#
[............[ ..#
.###########..$...
..................
.###########.###... ##
#. ##.. ########## # #.#
.........#


You could see an iron imp (summoned) and Natasha (very poisoned).


Message History

The kobold writhes in agony.
You kill the kobold!
The dead are walking! 😎 MP[-1]
You lost 1 mp, and now have 3/6 mp.
Casting: Necrotize (safe; 3% risk of failure)
Confirm with . or Enter, or press ? or * to list all spells.
You can't see any susceptible monsters within range! (Use Z to cast anyway.)
Casting: Necrotize (safe; 3% risk of failure)
Confirm with . or Enter, or press ? or * to list all spells.
You can't see any susceptible monsters within range! (Use Z to cast anyway.)
Your hobgoblin skeleton crumbles into dust!
r - a scroll labelled TAJOAVV AMAFI 😎 MP[+3]
Your mp is fully restored (6).
d - 130 stones {throwing} (gained 9)
You swap places.
Your kobold skeleton crumbles into dust!
s - a +0 dagger of venom {short} You now have 60 gold pieces (gained 4).
Key pressed, stopping explore.
You now have 64 gold pieces (gained 4).
You open the door.
There is an open door here.
t - a scroll labelled JATRAL WITA Your +0 dagger of venom {short} begins to drip with poison!
s - a +0 dagger of venom (weapon)
{short} Natasha, Servant of Life and Death comes into view.
Natasha hisses.
Natasha moves out of view.
No target in view!
Natasha is nearby!
Casting: Necrotize (safe; 3% risk of failure)
Confirm with . or Enter, or press ? or * to list all spells.
Aiming: Necrotize (safe; 3% risk of failure)
Press: ? - help, Shift-Dir - straight line, f - Natasha
Aim: Natasha (chance to affect: 72%) Natasha struggles to resist.
Natasha casts a spell at you.
You feel yourself slow down. 😎 MP[-1]
You lost 1 mp, and now have 5/6 mp.
Casting: Necrotize (safe; 3% risk of failure)
Confirm with . or Enter, or press ? or * to list all spells.
Aiming: Necrotize (safe; 3% risk of failure)
Press: ? - help, Shift-Dir - straight line, f/p - Natasha
Aim: Natasha (chance to affect: 72%) Natasha writhes in agony. 😎 MP[-1]
You lost 1 mp, and now have 4/6 mp.
Casting: Necrotize (safe; 3% risk of failure)
Confirm with . or Enter, or press ? or * to list all spells.
Aiming: Necrotize (safe; 3% risk of failure)
Press: ? - help, Shift-Dir - straight line, f/p - Natasha
Aim: Natasha (moderately wounded, chance to affect: 72%) Natasha writhes in agony.
Natasha claws you. 😕 HP[-3] MP[-1]
You take 3 damage, and now have 21/24 hp.
You lost 1 mp, and now have 3/6 mp.
Casting: Necrotize (safe; 3% risk of failure)
Confirm with . or Enter, or press ? or * to list all spells.
Aiming: Necrotize (safe; 3% risk of failure)
Press: ? - help, Shift-Dir - straight line, f/p - Natasha
Aim: Natasha (heavily wounded, chance to affect: 72%) Natasha writhes in agony.
Natasha drinks a potion.
Natasha is healed!
Natasha casts a spell. 😕 MP[-1]
You lost 1 mp, and now have 2/6 mp.
No previous command to re-do.
No previous command to re-do.
Unknown command.
You barely miss Natasha. Natasha misses you. The iron imp hits you. 😕 HP[-2]
You take 2 damage, and now have 19/24 hp.
You barely miss Natasha. Natasha misses you.
The iron imp summons a swarm of flies.
The iron imp hits you. Natasha closely misses you. 😮 HP[-3]
You take 3 damage, and now have 16/24 hp.
You hit Natasha.
Natasha is poisoned.
The iron imp closely misses you.
Natasha stares at you and mumbles some strange words.
The magic dart hits you!
* * * LOW HITPOINT WARNING * * *
😨 HP[-9] MP[+1]
You take 9 damage, and now have 7/24 hp.
MASSIVE DAMAGE!! (PAUSE)
Okay, then.
Casting: Necrotize (safe; 3% risk of failure)
Confirm with . or Enter, or press ? or * to list all spells.
Aiming: Necrotize (safe; 3% risk of failure)
Press: ? - help, Shift-Dir - straight line, f/p - Natasha
Aim: Natasha (lightly wounded, very poisoned, chance to affect: 72%) Natasha writhes in agony.
Natasha claws you.
* * * LOW HITPOINT WARNING * * *
The iron imp hits you.
* * * LOW HITPOINT WARNING * * *
Natasha claws you.
You die...

Skill      XL: |  1  2 |
---------------+-------+-----
Spellcasting   | 3 |  3.0
Dodging        | |  1.7
Stealth        | |  1.4
Necromancy     | |  3.9

Action                   || total
-------------------------++-------
Melee: Short sword       ||     4
       Unarmed           ||     1
       Dagger            ||     3
 Cast: Necrotize         ||    35
Armor: Robe              ||     4
Dodge: Dodged            ||    12

Levels and vault maps discovered:
D:1:      saegor_arrival_miasma, layout_basic,
          shapermc_ecumenical_altar_acropolis, feat_on_display
D:2:      layout_basic, kennysheep_decorative_pillar, minmay_misc_feat_roman,
          kennysheep_path_1, uniq_natasha

Notes
Turn   | Place    | Note
-------+----------+-------------------------------------------
     0 | D:1      | spaghetti the Ogre Necromancer began the quest for the Orb.
     0 | D:1      | Reached XP level 1. HP: 16/16 MP: 3/3
     0 | D:1      | magus.rc [v1.9.6]
   410 | D:1      | Reached XP level 2. HP: 18/24 MP: 2/5
   509 | D:1      | Found a faded altar of an unknown god.
   878 | D:2      | Reached skill level 3 in Spellcasting
  1083 | D:2      | Noticed Natasha
  1092 | D:2      | HP: 5/24 [Natasha (2)]
  1092 | D:2      | HP: 1/24 [iron imp[Natasha] (4)]
  1092 | D:2      | Slain by Natasha

Vanquished Creatures
  2 giant cockroaches
  3 hobgoblins
  A quokka (D:1)
  2 ball pythons (D:1)
  2 frilled lizards (D:2)
  A goblin (D:1)
  3 kobolds
  A rat (D:1)
15 creatures vanquished.

Table legend:
 A = Non-vault XP
 B = Vault XP
 C = Vault XP percentage of total XP
 D = Non-vault monster count
 E = Vault monster count
 F = Vault count percentage of total count
                 A         B        C        D         E       F
            +---------+---------+-------+---------+---------+-------
      Total |      23 |       0 |   0.0 |      15 |       0 |   0.0
            +---------+---------+-------+---------+---------+-------
        D:1 |      14 |       0 |   0.0 |       9 |       0 |   0.0
        D:2 |       9 |       0 |   0.0 |       6 |       0 |   0.0
            +---------+---------+-------+---------+---------+-------

Illustrated notes

Table legend:
 A = Kills in this place as a percentage of kills in entire the game.
 B = Kills by you in this place as a percentage of kills by you in the entire game.
 C = Kills by friends in this place as a percentage of kills by friends in the entire game.
 D = Other kills in this place as a percentage of other kills in the entire game.
 E = Experience gained in this place as a percentage of experience gained in the entire game.
 F = Experience gained in this place divided by the number of levels of this place that you have seen.
                   A       B       C       D       E      F
               +-------+-------+-------+-------+-------+----------------------
         Total | 100.0 | 100.0 |   N/A |   N/A | 100.0 |  11.5
       Dungeon | 100.0 | 100.0 |   N/A |   N/A | 100.0 |  11.5
               +-------+-------+-------+-------+-------+----------------------

Table legend: (Time is in decaauts)
 A = Elapsed time spent in this place.
 B = Non-inter-level travel time spent in this place.
 C = Inter-level travel time spent in this place.
 D = Time resting spent in this place.
 E = Time spent auto-exploring this place.
 F = Levels seen in this place.
 G = Mean time per level.
                   A        B        C        D        E       F      G
               +--------+--------+--------+--------+--------+-----+--------+
         Total |   1094 |   1074 |     20 |      0 |    965 |   2 |  547.0 |
       Dungeon |   1094 |   1074 |     20 |      0 |    965 |   2 |  547.0 |
               +--------+--------+--------+--------+--------+-----+--------+

Top non-repeatable levels by time:
     D:1: 765 daAuts
     D:2: 329 daAuts
